 Dungeon Crawl Stone Soup version 0.22.1-2-g9c5b331 (webtiles) character file.

850 whitewolfNL the Cudgeler (level 7, -8/61 HPs)
             Began as a Minotaur Berserker on Dec 16, 2018.
             Was an Elder of Trog.
             Killed by divine providence
             ... invoked by an orc priest
              (11 damage)
             ... on level 5 of the Dungeon.
             The game lasted 00:21:47 (4769 turns).

whitewolfNL the Cudgeler (Minotaur Berserker)       Turns: 4769, Time: 00:21:48

Health: -8/61      AC: 13    Str: 22    XL:     7   Next: 69%
Magic:  7/7        EV:  9    Int:  5    God:    Trog [****..]
Gold:   251        SH:  0    Dex: 10    Spells: 6/6 levels left

rFire    + . .     SeeInvis +   z - +0 flail
rCold    x . .     Gourm    .   (no shield)
rNeg     + . .     Faith    .   C - +0 chain mail
rPois    .         Spirit   .   (helmet restricted)
rElec    .         Reflect  .   h - +0 cloak
rCorr    .         Harm     .   (no gloves)
MR       .....                  f - +0 pair of boots
Stlth    ..........             e - amulet of the acrobat
HPRegen  0.20/turn              l - +1 ring of protection
MPRegen  0.10/turn              E - ring of Corphuav {+Fly rF+ rC- rN+ SInv}

@: berserk cooldown, flying, slowed, very slow
A: retaliatory headbutt, horns 2
a: Berserk, Trog's Hand, Brothers in Arms, Renounce Religion, Stop Flying


You were on level 5 of the Dungeon.
You worshipped Trog.
Trog was greatly pleased with you.
You were not hungry.

You visited 1 branch of the dungeon, and saw 5 of its levels.

You collected 251 gold pieces.

Inventory:

Hand Weapons
 x - a +4 hand axe of freezing
 y - a +0 spear of flaming
 z - a +0 flail (weapon)
Missiles
 b - 129 arrows
 d - 9 bolts
 B - 13 sling bullets
Armour
 f - a +0 pair of boots (worn)
 h - a +0 cloak (worn)
 C - a +0 chain mail (worn)
Jewellery
 e - an amulet of the acrobat (around neck)
 l - a +1 ring of protection (left hand)
 s - a +3 ring of intelligence
 E - the ring of Corphuav (right hand) {+Fly rF+ rC- rN+ SInv}
   (You found it on level 5 of the Dungeon)

   [ring of positive energy]

   It protects you from fire.
   It makes you vulnerable to cold.
   It protects you from negative energy.
   It lets you see invisible.
   It lets you fly.
Wands
 i - a wand of flame (56)
 t - a wand of random effects (21)
Scrolls
 a - a scroll of enchant armour
 g - 2 scrolls of magic mapping
 k - 3 scrolls of blinking
 m - 4 scrolls of remove curse
 o - a scroll of enchant weapon {unknown}
 r - 4 scrolls of teleportation
 v - a scroll of noise {unknown}
Potions
 j - a potion of ambrosia {unknown}
 n - a potion of curing {unknown}
 p - a potion of berserk rage {unknown}
 q - a potion of haste {unknown}
 u - a potion of mutation {unknown}
 w - 3 potions of agility {unknown}
 A - 2 potions of flight {unknown}
 G - a potion of might {unknown}
Comestibles
 c - 4 rations


   Skills:
 * Level 5.1 Fighting
 * Level 7.4 Maces & Flails
 * Level 0.9 Polearms
 * Level 5.3 Armour
 * Level 3.5 Dodging
 * Level 2.1 Stealth
 * Level 1.7 Evocations


You had 6 spell levels left.
You didn't know any spells.
Your spell library was empty.

Dungeon Overview and Level Annotations

Branches:
Dungeon (5/15)             Temple (0/1) D:4

Altars:
Ashenzari
Cheibriados
Dithmenos
Okawaru
Yredelemnul

Shops:
D:4 [

Annotations:
D:5 1 transporter


Innate Abilities, Weirdness & Mutations

You reflexively headbutt those who attack you in melee.
You have a pair of horns on your head.


Message History

You headbutt the orc priest, but do no damage.
The shadow imp hits you but does no damage.
You hit the orc priest. Your headbutt misses the orc priest.
The orc priest is moderately wounded.
The orc priest hits you but does no damage. x2
The shadow imp hits you but does no damage.
The orc priest hits you but does no damage.
The orc priest casts a cantrip, but nothing happens.
The orc priest misses you. The orc priest completely misses you.
The orc priest calls down the wrath of Beogh upon you.
Beogh smites you!
You hit the orc priest. You headbutt the orc priest.
The orc priest is moderately wounded.
The orc priest calls down the wrath of Beogh upon you.
Beogh smites you!
* * * LOW HITPOINT WARNING * * *
The orc priest hits you but does no damage.
The orc priest invokes the aid of Beogh against you.
Beogh smites you!
You die...

## #.#.###########...#.#####
..###.#.....................#.#
............###############.#.###
#.#...#..#..#8P#5?.....#≈8#.#...
............#P.#≈≈≈≈≈≈≈#.P#.#.#
.....##..#..#..#..≈≈P..#.$#...#
##...##....©#©.'..≈♣≈..+(©#©..#
##..........#[.#..P≈≈..#.$#..##
.....###....#P.#@≈≈≈≈≈≈#.P#.##
####.###.#..#8P#oo5....#≈8#.#
#........#..###############.##
..#...#..#..................#.
#.#.>.#.....######.######..##.
..#####......# .# #..##.### #.#
#......... ## #..##.<.. #.#
#......### #..##.... ... ..#...##
#........


You could see 2 orc priests and 2 shadow imps.

Vanquished Creatures
  Sigmund (D:2)
  A sky beast (D:5)
  An ogre (D:4)
  A scorpion (D:4)
  An orc priest (D:4)
  An orc wizard (D:4)
  Terence (D:2)
  An iguana (D:4)
  2 worker ants (D:4)
  Robin (D:2)
  A hound skeleton (D:4)
  A worker ant zombie (D:5)
  9 gnolls
  5 adders
  A howler monkey skeleton (D:4)
  2 oozes
  2 worms
  2 dart slugs (D:1)
  3 leopard geckos
  9 orcs
  A ball python (D:1)
  9 bats
  6 giant cockroaches
  15 goblins
  10 hobgoblins
  9 jackals
  9 frilled lizards
  3 kobolds
  9 rats
117 creatures vanquished.

Notes
Turn   | Place    | Note
-------+----------+-------------------------------------------
     0 | D:1      | whitewolfNL the Minotaur Berserker began the quest for the
                  | Orb.
     0 | D:1      | Reached XP level 1. HP: 19/19 MP: 0/0
   150 | D:1      | Reached XP level 2. HP: 27/27 MP: 1/1
   159 | D:1      | Found a shattered altar of Ashenzari.
   198 | D:1      | Reached skill level 4 in Maces & Flails
   434 | D:1      | Reached XP level 3. HP: 33/33 MP: 2/2
   470 | D:1      | Reached ** piety under Trog
  1137 | D:2      | Noticed Robin
  1143 | D:2      | Killed Robin
  1143 | D:2      | Reached skill level 1 in Stealth
  1143 | D:2      | Reached XP level 4. HP: 40/40 MP: 3/3
  1169 | D:2      | Reached skill level 5 in Maces & Flails
  1223 | D:2      | Noticed Sigmund
  1237 | D:2      | Killed Sigmund
  1237 | D:2      | Reached skill level 6 in Maces & Flails
  1237 | D:2      | Reached XP level 5. HP: 41/47 MP: 4/4
  1420 | D:2      | Noticed Terence
  1426 | D:2      | Killed Terence
  1426 | D:2      | Reached XP level 6. HP: 53/53 MP: 5/5
  1919 | D:3      | Reached *** piety under Trog
  1990 | D:3      | Found an iron altar of Okawaru.
  2353 | D:3      | Reached skill level 1 in Evocations
  2580 | D:3      | Found a snail-covered altar of Cheibriados.
  3007 | D:4      | Found a staircase to the Ecumenical Temple.
  3104 | D:4      | Reached XP level 7. HP: 35/60 MP: 5/7
  3230 | D:4      | Found Onotefec's Armour Shop.
  3464 | D:4      | Reached skill level 7 in Maces & Flails
  3479 | D:4      | Reached skill level 5 in Fighting
  3693 | D:4      | Found a basalt altar of Yredelemnul.
  3695 | D:4      | Found a shadowy altar of Dithmenos.
  3697 | D:4      | Found an iron altar of Okawaru.
  4249 | D:5      | Entered Level 5 of the Dungeon
  4281 | D:5      | Reached **** piety under Trog
  4281 | D:5      | Reached skill level 5 in Armour
  4379 | D:5      | Got a heavily runed brass ring
  4468 | D:5      | Found a transporter.
  4494 | D:5      | Found a transporter.
  4600 | D:5      | Identified the ring of Corphuav {+Fly rF+ rC- rN+ SInv}
                  | (You found it on level 5 of the Dungeon)
  4769 | D:5      | HP: 3/61 [orc priest/divine providence (16)]
  4769 | D:5      | Killed from afar by an orc priest

Skill      XL: |  1  2  3  4  5  6  7 |
---------------+----------------------+-----
Maces & Flails | 4 6 7 |  7.4
Fighting       | 4 5 |  5.1
Stealth        | 1 2 |  2.1
Armour         | 3 4 5 |  5.3
Evocations     | 1 |  1.7
Dodging        | 3 |  3.5
Polearms       | |  0.9

Action                   |  1- 3 |  4- 6 |  7- 9 || total
-------------------------+-------+-------+-------++-------
Melee: Mace              |    93 |    32 |       ||   125
       Headbutt          |    12 |    29 |    13 ||    54
       Scythe            |       |     7 |       ||     7
       Flail             |       |    71 |    70 ||   141
Invok: Berserk           |     2 |     4 |     5 ||    11
 Abil: Evoke Flight      |       |       |     1 ||     1
  Use: Scroll            |       |     2 |     4 ||     6
  Eat: Chunk             |     3 |    10 |     6 ||    19
       Ration            |       |       |     1 ||     1
Armor: Animal skin       |    13 |       |       ||    13
       Chain mail        |    20 |    54 |    42 ||   116
       Scale mail        |     3 |       |       ||     3
Dodge: Dodged            |    79 |    74 |    56 ||   209
